 Dungeon Crawl Stone Soup version 0.16.2-2-g470672f (webtiles) character file.

319712 RepoMan the Warrior (level 21, -4/190 (191) HPs)
             Began as a Ghoul Fighter on Aug 27, 2015.
             Was a High Priest of Qazlal.
             Slain by a spatial maelstrom (6 damage)
             ... on level 3 of the Abyss on Sept 3, 2015.
             The game lasted 09:10:38 (40785 turns).

RepoMan the Warrior (Ghoul Fighter)                Turns: 40785, Time: 09:10:41

HP:   -4/190 (191)  AC: 33    Str: 23 (25) XL:     21   Next: 48%
MP:   18/36         EV:  2    Int:  2 (8)  God:    Qazlal [*****.]
Gold: 2368          SH:  0    Dex: -2 (5)  Spells: 6 memorised, 26 levels left

rFire  + + .     SeeInvis .     o - +4 flail (protect)
rCold  + + .     Clarity  .     X - +0 fire dragon armour
rNeg   + + +     SustAb   .     p - +5 shield of Amelioration {Regen+}
rPois  ∞         Gourm    .     q - +1 helmet
rElec  .         Spirit   .     Q - +2 cloak {+Inv}
rCorr  .         Warding  .     G - +2 pair of gloves
rMut   .         Stasis   .     B - +0 pair of boots
MR     +....                    h - amulet of regeneration
Stlth  ..........               O - +4 ring of slaying
                                N - ring of Wux Miont {+cTele +Blink rC++ rN+ Dex-3 Stlth+}

@: protected from physical damage, rotting, lost dexterity, repel missiles, very
slow, somewhat resistant to hostile enchantments, extremely unstealthy
A: rotting body, claws 1, carnivore 3, cold resistance 1, negative energy
resistance 3, poison resistance, slow healing 1, torment resistance, unbreathing
a: Upheaval, Elemental Force, Disaster Area, Renounce Religion, Evoke Blink,
Evoke Invisibility, Evoke Teleport Control
}: 2/15 runes: serpentine, abyssal


You were on level 3 of the Abyss.
You worshipped Qazlal.
Qazlal was extremely pleased with you.
You were not hungry.

You visited 7 branches of the dungeon, and saw 38 of its levels.
You visited the Abyss 4 times.
You visited 1 bazaar.
You also visited: Labyrinth, Bailey, Ice Cave and Volcano.

You collected 5223 gold pieces.
You spent 2855 gold pieces at shops.

Inventory:

Hand weapons
 e - a +9 eveningstar of freezing
 o - a +4 flail of protection (weapon)
Missiles
 d - 4 throwing nets (quivered)
Armour
 p - the +5 shield of Amelioration (worn) {Regen+}
   (You acquired it on level 3 of the Dungeon)

   It increases your rate of regeneration.
 q - a +1 helmet (worn)
 B - a +0 pair of boots (worn)
 G - a +2 pair of gloves (worn)
 Q - a +2 cloak of invisibility (worn)
 X - a +0 fire dragon armour (worn)
Jewellery
 b - an uncursed ring of see invisible
 h - an amulet of regeneration (around neck)
 l - an uncursed amulet of resist corrosion
 s - a +6 ring of evasion
 v - a +2 ring of dexterity
 y - an uncursed amulet of warding
 A - an uncursed ring of wizardry
 F - an uncursed ring of protection from magic {unknown}
 N - the ring of Wux Miont (left hand) {+cTele +Blink rC++ rN+ Dex-3 Stlth+}
   (You found it in an ice cave)

   [ring of teleport control]

   It can be evoked for teleport control.
   It affects your dexterity (-3).
   It greatly protects you from cold.
   It protects you from negative energy.
   It lets you blink.
   It makes you more stealthy.
 O - a +4 ring of slaying (right hand)
Magical devices
 n - a wand of paralysis (2)
 D - a wand of digging (10)
 R - a wand of disintegration (5)
Scrolls
 f - a scroll of immolation
 i - 6 scrolls of teleportation
 k - 8 scrolls of remove curse
 m - 15 scrolls of identify
 x - 3 scrolls of recharging
 C - 2 scrolls of torment
 E - a scroll of enchant armour
 K - 7 scrolls of magic mapping
 M - 6 scrolls of fear
Potions
 t - a potion of invisibility
 z - 2 potions of magic
 L - a potion of haste
Miscellaneous
 c - a sack of spiders {used: 1}
Comestibles
 r - a meat ration


   Skills:
 * Level 17.0 Fighting
 + Level 16.3 Maces & Flails
 * Level 14.8 Armour
 + Level 13.5 Shields
 - Level 10.7 Spellcasting
   Level 2.6 Conjurations
 + Level 6.4 Charms
 - Level 3.1 Translocations
 * Level 8.4 Air Magic
 - Level 10.8 Invocations
 - Level 5.0 Evocations


You had 26 spell levels left.
You knew the following spells:

 Your Spells              Type           Power        Failure   Level  Hunger
a - Airstrike             Air            #.........   21%         4    #####..
b - Blink                 Tloc           N/A          28%         2    ###....
f - Flight                Chrm/Air       #.........   10%         3    ####...
g - Apportation           Tloc           #.........   21%         1    ##.....
r - Regeneration          Chrm/Necr      #.........   58%         3    ####...
s - Swiftness             Chrm/Air       #.......     4%          2    ###....


Dungeon Overview and Level Annotations

Branches:
Dungeon (15/15)            Temple (1/1) D:4            Lair (8/8) D:9
  Swamp (2/5) Lair:5        Snake (5/5) Lair:4        Slime (0/6) Lair:6
    Orc (4/4) D:11            Elf (3/3) Orc:3        Vaults (0/5) D:14
 Depths (0/5) D:15

Altars:
Ashenzari
Cheibriados
Dithmenos
Elyvilon
Fedhas
Gozag
Kikubaaqudgha
Makhleb
Nemelex Xobeh
Okawaru
Qazlal
Ru
Sif Muna
Trog
Vehumet
Xom
Yredelemnul
Zin
The Shining One
Beogh

Shops:
D:12 [   D:15 (   Orc:4 :[?*(   Elf:2 :(:   Snake:1 [

Portals:
Trove: D:14 (give +5 demon whip)

Annotations:
D:11 1 runed door


Innate Abilities, Weirdness & Mutations

Your body is rotting away.
You thrive on raw meat.
You have sharp fingernails.
You are carnivorous and can eat meat at any time.
Your flesh is cold resistant.
You are immune to negative energy.
Your system is resistant to poisons.
You heal slowly when monsters are visible.
You are immune to unholy pain and torment.
You can survive without breathing.


Message History

The spatial vortex partially resists.
The spatial vortex dissipates!
The blast of magma engulfs the spatial vortex.
The spatial vortex partially resists.
The spatial vortex dissipates!
The blast of ice hits the starcursed mass.
You destroy the starcursed mass!
The blast of ice hits the starcursed mass.
The starcursed mass is severely damaged.
The raiju is engulfed in roaring flames.
You kill the raiju!
Qazlal accepts your kill.
The spatial maelstrom hits you but does no damage. x2
Use which ability? (? or * to list) Clouds arounds you coalesce and take form!
The spatial maelstrom hits you but does no damage.
The spatial maelstrom hits you.
* * * LOW HITPOINT WARNING * * *
Space bends around you.
You die...

. .. . #.#. ... . .
.... .. . # # #
'#######... . .. . .
........... ≈..
.........#... #...#
..
...............≈.# #
# ###
###(#####.#...# .
....≈≈§E§Ev§....#
......X≈≈.E§@.§....#
. ....≈.≈§§......v#
######≈#############
..# .# .... # . # #


You could see a spatial maelstrom, a spatial vortex, a friendly earth elemental,
a friendly fire elemental and a friendly air elemental.

Vanquished Creatures
  2 profane servitors (Abyss:3)
  2 bone dragons (Abyss:1)
  A lich (Abyss:3)
  A hellephant (Abyss:3)
  2 tentacled monstrosities
  2 deep elf blademasters
  3 deep elf master archers (Elf:3)
  7 tentacled starspawn
  2 Executioners (Abyss:3)
  Rupert (D:14)
  A thorn hunter (Abyss:3)
  7 greater nagas
  Wiglaf (Snake:4)
  An orc warlord (Orc:4)
  Aizul (Snake:4)
  10 deep elf sorcerers
  8 rakshasas
  4 very ugly things (Abyss:3)
  8 deep elf demonologists
  A lorocyproca (Abyss:1)
  12 deep elf annihilators
  2 blizzard demons
  4 deep elf death magi (Elf:3)
  A green death (Elf:3)
  A minotaur (Lab)
  A great orb of eyes (Abyss:1)
  Fannar (D:12)
  2 deep elf high priests (Elf:3)
  10 hydras
  Harold (D:12)
  8 naga warriors
  5 centaur warriors
  Erica (D:12)
  16 dancing weapons
  A catoblepas (D:15)
  3 alligators (Swamp:1)
  A tengu warrior (D:15)
  5 thrashing horrors
  A satyr (Abyss:3)
  21 anacondas
  An ogre mage (Volcano)
  3 hell hogs
  12 death yaks
  3 orc high priests
  A titan zombie (D:15)
  Urug (Elf:1)
  A sun demon (Abyss:3)
  11 naga sharpshooters
  Nergalle (Lair:3)
  2 skeletal warriors
  6 shock serpents
  7 wretched stars
  5 unseen horrors
  A fire crab (Lair:8)
  19 large abominations
  23 deep elf knights
  A storm dragon skeleton (Abyss:2)
  2 spatial maelstroms
  30 starcursed masses
  3 salamander mystics
  8 naga ritualists
  A swamp dragon (Swamp:1)
  A flayed ghost (Abyss:3)
  17 deep elf summoners
  2 ice statues (IceCv)
  Pikel (D:7)
  8 hill giants
  An unseen horror (shapeshifter) (D:14)
  11 orc knights
  A necromancer (D:15)
  A wizard (D:14)
  15 ugly things
  11 deep elf conjurers
  18 small abominations
  A water nymph (Abyss:3)
  9 mana vipers
  5 orc sorcerers
  3 sixfirhies
  A frost giant zombie (D:15)
  A phantasmal warrior (D:15)
  An apocalypse crab (Abyss:2)
  A manticore (D:13)
  An elephant (shapeshifter) (Elf:1)
  11 salamanders
  6 griffons
  A toenail golem (Abyss:1)
  An iron dragon skeleton (Abyss:3)
  5 worldbinders
  4 cyclopes (D:14)
  Maurice (D:13)
  9 spiny frogs
  20 naga magi
  41 black mambas
  2 eyes of devastation (Lair:6)
  3 gargoyles
  2 orange demons
  A torpor snail (Lair:8)
  15 guardian serpents
  A dire elephant skeleton (D:15)
  A yaktaur zombie (D:15)
  7 smoke demons
  A hellion (Elf:3)
  2 efreet
  4 hellwings
  4 demonic crawlers
  A guardian mummy (D:15)
  A freezing wraith (Abyss:1)
  5 komodo dragons
  A merfolk (Abyss:3)
  2 spriggan druids (Lair:8)
  5 fire drakes
  4 trolls
  15 deep elf priests
  A tormentor (Elf:3)
  A wandering mushroom (Lair:8)
  6 ancient zymes
  An anaconda simulacrum (Abyss:3)
  11 polar bears (Lair:8)
  5 baby alligators (Swamp:1)
  10 blink frogs
  15 raiju
  3 two-headed ogres
  A blink frog (shapeshifter) (Abyss:1)
  4 bog bodies
  2 giant leeches (Swamp:1)
  2 slime creatures (Swamp:1)
  A boulder beetle (D:14)
  4 blue devils
  6 ravens
  A trapdoor spider (D:15)
  12 spriggans
  A basilisk (Lair:4)
  A shadow (D:13)
  40 yaks
  12 redbacks
  3 wraiths
  A steam dragon (D:13)
  A water elemental (Abyss:3)
  3 wyverns
  37 deep elf magi
  A flying skull (Abyss:1)
  3 tarantellas
  5 ynoxinuls
  A vampire (D:14)
  16 humans (D:14)
  4 golden eyes (Abyss:3)
  5 wargs
  4 fire bats
  12 hippogriffs
  4 hungry ghosts
  7 neqoxecs
  38 deep elf fighters
  A spiny frog zombie (Abyss:3)
  29 wolves
  A chaos spawn (Elf:3)
  45 nagas
  9 vampire mosquitoes
  17 insubstantial wisps
  4 swamp worms (Swamp:1)
  34 water moccasins
  9 hell hounds
  9 spatial vortices (Abyss:3)
  4 slaves (D:7)
  11 black bears
  A hydra simulacrum (Abyss:3)
  A mottled dragon (D:14)
  4 wasps
  13 ice beasts
  16 porcupines
  A necrophage (D:13)
  6 sky beasts
  An eye of draining (Lair:6)
  4 phantoms
  19 ogres
  A swamp dragon zombie (Abyss:1)
  A swamp drake (Swamp:1)
  39 orc warriors
  16 crocodiles
  12 centaurs
  Duvessa (D:7)
  4 boring beetles
  26 giant frogs
  4 big kobolds
  A brain worm (Abyss:1)
  A wyvern zombie (D:15)
  3 scorpions
  7 killer bees
  A troll zombie (Orc:4)
  10 electric eels
  9 wights (D:12)
  Dowan (D:7)
  9 crimson imps
  3 giant frog zombies
  A goliath beetle (D:8)
  4 centaur zombies
  2 giant frog skeletons (D:11)
  2 iron imps (Abyss:1)
  7 lava snakes (Volcano)
  15 hounds
  22 orc priests
  3 quasits
  A jelly (D:15)
  13 worker ants
  5 centaur skeletons
  28 orc wizards
  Natasha (thrice) (D:3)
  6 iguanas
  10 hell rats
  30 sheep
  3 hound zombies (D:5)
  Terence (D:2)
  2 hound skeletons
  2 worker ant zombies (D:5)
  Robin (D:2)
  16 adders
  4 gnolls
  35 river rats
  3 shadow imps
  7 white imps
  3 giant mites
  3 worms
  12 ufetubi
  2 adder skeletons
  2 adder zombies
  5 giant geckos
  149 orcs
  2 bat skeletons
  6 giant cockroaches
  26 goblins
  24 hobgoblins
  8 jackals
  20 quokkas
  5 ball pythons
  9 bats
  A giant cockroach zombie (D:6)
  A giant newt (D:3)
  A jackal skeleton (D:7)
  26 kobolds
  A lurking horror (Abyss:3)
  11 rats
  4 briar patches (Abyss:3)
  2 bushes (Lair:8)
  3 crawling corpses (Elf:3)
  62 fungi
  26 plants
  6 starspawn tentacles
1909 creatures vanquished.

Vanquished Creatures (collateral kills)
  An orc knight (Bailey)
  4 raiju (Abyss:3)
  A golden eye (Abyss:3)
  A mummy (D:13)
  7 orcs (Bailey)
14 creatures vanquished.

Vanquished Creatures (others)
  A deep elf high priest (Elf:3)
  A deep elf knight (Elf:3)
  An anaconda skeleton (Abyss:3)
  A tormentor (Abyss:3)
  A golden eye (Abyss:3)
  A blink frog (Abyss:3)
  A trapdoor spider (Abyss:3)
  2 spiders (Abyss:3)
  5 lost souls (Elf:3)
  A small abomination (Abyss:3)
  A jelly (D:6)
  An orc wizard (D:13)
  2 hell rats (Elf:1)
  An adder (D:6)
  A river rat (Lair:8)
  An ufetubus (Abyss:3)
  A white imp (Abyss:3)
  An orc (Bailey)
  A goblin (Orc:4)
  3 lurking horrors
  A crawling corpse (Elf:3)
  16 fungi
  12 plants
  10 starspawn tentacles
  78 starspawn tentacle segments
145 creatures vanquished.

Grand Total: 2068 creatures vanquished

Notes
Turn   | Place    | Note
--------------------------------------------------------------
     0 | D:1      | RepoMan, the Ghoul Fighter, began the quest for the Orb.
     0 | D:1      | Reached XP level 1. HP: 19/19 MP: 1/1
   247 | D:1      | Reached XP level 2. HP: 26/26 MP: 2/2
   614 | D:2      | Noticed Robin
   668 | D:1      | Reached XP level 3. HP: 11/33 MP: 3/3
   798 | D:2      | Killed Robin
  1035 | D:2      | Reached XP level 4. HP: 40/40 MP: 3/3
  1230 | D:2      | Noticed Terence
  1257 | D:2      | Killed Terence
  1524 | D:2      | Reached skill level 1 in Spellcasting
  1789 | D:3      | Reached XP level 5. HP: 46/46 MP: 6/6
  1800 | D:3      | Found a stormy altar of Qazlal.
  1873 | D:3      | Reached skill level 4 in Fighting
  2001 | D:3      | Noticed Natasha
  2037 | D:3      | Killed Natasha
  2110 | D:3      | Noticed Natasha
  2116 | D:3      | Killed Natasha
  2276 | D:3      | Noticed Natasha
  2279 | D:3      | Killed Natasha
  2310 | D:4      | Found a staircase to the Ecumenical Temple.
  2363 | D:4      | Reached XP level 6. HP: 42/52 MP: 4/7
  2379 | D:4      | Noticed an ogre
  2379 | Temple   | Entered the Ecumenical Temple
  2641 | D:4      | Found a shattered altar of Ashenzari.
  3303 | D:4      | Found a sparkling altar of Nemelex Xobeh.
  3326 | D:4      | Reached XP level 7. HP: 60/60 MP: 8/8
  3509 | D:5      | Entered Level 5 of the Dungeon
  3642 | D:5      | Reached skill level 5 in Fighting
  3867 | D:5      | Got an ivory dagger
  4048 | D:5      | Reached XP level 8. HP: 68/68 MP: 12/12
  4474 | D:5      | Reached skill level 5 in Maces & Flails
  4795 | D:3      | Killed an ogre
  4854 | D:3      | Identified the +7 dagger "Ijyidub" {elec, rN+} (You found it on level 5 of the Dungeon)
  4905 | D:6      | Found a basalt altar of Yredelemnul.
  5241 | D:6      | Found an opulent altar of Gozag.
  5295 | D:6      | Reached skill level 5 in Armour
  5295 | D:6      | Reached skill level 5 in Shields
  5621 | D:6      | Reached XP level 9. HP: 74/74 MP: 16/16
  5879 | D:6      | Reached skill level 6 in Fighting
  6303 | D:7      | Noticed Duvessa
  6303 | D:7      | Noticed Dowan
  6378 | D:7      | Found a shadowy altar of Dithmenos.
  6943 | D:7      | Killed Duvessa
  6961 | D:7      | Killed Dowan
  7033 | D:7      | Noticed Pikel
  7123 | D:7      | Found a white marble altar of Elyvilon.
  7434 | D:7      | Killed Pikel
  7434 | D:7      | Reached skill level 7 in Maces & Flails
  7667 | D:7      | Reached XP level 10. HP: 67/85 MP: 19/19
  7841 | D:3      | Identified a scroll of acquirement
  7842 | D:3      | Got a warped shield
  7853 | D:3      | Identified the +5 shield of Amelioration {Regen+} (You acquired it on level 3 of the Dungeon)
  7857 | D:3      | Became a worshipper of Qazlal Stormbringer
  8030 | D:8      | Found a burning altar of Makhleb.
  8032 | D:8      | Found a snail-covered altar of Cheibriados.
  8684 | D:8      | Found an iron altar of Okawaru.
  8882 | D:9      | Reached skill level 8 in Maces & Flails
  8894 | D:9      | Acquired Qazlal's first power
  9239 | D:9      | Found a shimmering altar of Xom.
  9278 | D:9      | Reached skill level 5 in Spellcasting
  9354 | D:9      | Found a glowing golden altar of the Shining One.
  9490 | D:9      | Found a staircase to the Lair.
  9880 | D:10     | Entered Level 10 of the Dungeon
 10044 | D:10     | Reached XP level 11. HP: 91/94 MP: 22/22
 10292 | D:10     | Acquired Qazlal's second power
 10533 | D:10     | Reached skill level 9 in Maces & Flails
 10833 | D:11     | Found a flickering gateway to a bazaar.
 10853 | Bazaar   | Entered a bazaar
 10853 | Bazaar   | Found Noheyhua's Weapon Shoppe.
 10853 | Bazaar   | Found Ruunto Twek's Weapon Emporium.
 10855 | Bazaar   | Found Croam's Jewellery Emporium.
 10867 | Bazaar   | Found Fiof's Jewellery Shoppe.
 10887 | Bazaar   | Bought a +4 flail of protection for 314 gold pieces
 10951 | D:11     | Found a runed door.
 10959 | D:11     | Found a glowing golden altar of the Shining One.
 10961 | D:11     | Noticed an angel
 11170 | D:11     | Found a staircase to the Orcish Mines.
 11222 | D:11     | Acquired Qazlal's third power
 11418 | D:11     | Noticed a hill giant
 11422 | D:11     | Killed a hill giant
 11937 | D:12     | Noticed an orc knight
 12008 | Orc:1    | Entered Level 1 of the Orcish Mines
 12066 | Orc:1    | Acquired Qazlal's fourth power
 12111 | Orc:1    | Found a deep blue altar of Sif Muna.
 12530 | Orc:2    | Reached skill level 1 in Invocations
 12610 | Orc:2    | Found a roughly hewn altar of Beogh.
 13024 | Orc:3    | Acquired Qazlal's fifth power
 13109 | Orc:3    | Found a flagged portal.
 13128 | Bailey   | Entered a bailey
 13149 | Bailey   | Reached skill level 10 in Maces & Flails
 13245 | Bailey   | Noticed an orc knight
 13250 | Bailey   | Noticed an orc knight
 13257 | Bailey   | Killed an orc knight
 13257 | Bailey   | Reached XP level 12. HP: 104/104 MP: 16/25
 13261 | Bailey   | Killed an orc knight
 13314 | Bailey   | Noticed an orc knight
 13314 | Bailey   | Noticed an orc knight
 13336 | Bailey   | Killed an orc knight
 13356 | Bailey   | Killed an orc knight
 13359 | Bailey   | Noticed an orc knight
 13378 | Bailey   | Noticed an orc knight
 13387 | Bailey   | Killed an orc knight
 13403 | Bailey   | Killed an orc knight
 14001 | Orc:4    | Entered Level 4 of the Orcish Mines
 14016 | Orc:4    | Noticed an orc high priest
 14093 | Orc:4    | Paralysed by an orc sorcerer for 3 turns
 14098 | Orc:4    | Noticed an orc high priest
 14241 | Orc:3    | Killed an orc high priest
 14438 | Orc:4    | Killed an orc high priest
 14438 | Orc:4    | Reached skill level 10 in Fighting
 14490 | Orc:4    | Found Jiemmaez's Antique Weapon Shop.
 14637 | Orc:4    | Found Ylij's General Store.
 14645 | Orc:4    | Bought a scroll of identify for 32 gold pieces
 14645 | Orc:4    | Bought a potion of poison for 16 gold pieces
 14645 | Orc:4    | Bought a potion of agility for 64 gold pieces
 14748 | Orc:4    | Noticed an orc high priest
 14758 | Orc:4    | Killed an orc high priest
 14927 | Orc:4    | Reached skill level 11 in Maces & Flails
 14990 | Orc:4    | Found a white marble altar of Elyvilon.
 14996 | Orc:4    | Noticed an orc warlord
 14998 | Orc:4    | Found Clueguer's Antique Armour Shoppe.
 15023 | Orc:4    | Killed an orc warlord
 15023 | Orc:4    | Reached XP level 13. HP: 87/114 MP: 26/26
 15196 | Orc:4    | Found Craycwa's Magic Scroll Boutique.
 15204 | Orc:4    | Bought a scroll of magic mapping for 45 gold pieces
 15204 | Orc:4    | Bought a scroll of identify for 26 gold pieces
 15204 | Orc:4    | Bought a scroll of remove curse for 39 gold pieces
 15204 | Orc:4    | Bought a scroll of identify for 26 gold pieces
 15204 | Orc:4    | Bought a scroll of fear for 45 gold pieces
 15231 | Orc:4    | Found Schonaowk's Book Emporium.
 15307 | Orc:3    | Found a staircase to the Elven Halls.
 15399 | Elf:1    | Entered Level 1 of the Elven Halls
 15576 | Elf:1    | Noticed a deep elf demonologist
 15588 | Elf:1    | Killed a deep elf demonologist
 15589 | Elf:1    | Noticed a deep elf sorcerer
 15601 | Elf:1    | Killed a deep elf sorcerer
 15601 | Elf:1    | Reached skill level 5 in Invocations
 15781 | Elf:1    | Got a jewelled broad axe
 15782 | Elf:1    | Identified the +1 broad axe "Qobeuxt" {drain, rF- rC+ rN+ Str+4} (You found it on level 1 of the Elven Halls)
 15920 | Elf:1    | Identified the Disquisition on Malediction and Dark Secrets
 15980 | Elf:1    | Noticed Urug
 15991 | Elf:1    | Killed Urug
 16270 | Elf:1    | Noticed a deep elf annihilator
 16355 | Elf:1    | Reached skill level 12 in Maces & Flails
 16358 | Elf:1    | Killed a deep elf annihilator
 16840 | Lair:1   | Entered Level 1 of the Lair of Beasts
 16861 | Lair:1   | Reached XP level 14. HP: 104/122 MP: 28/28
 18793 | Lair:3   | Noticed Nergalle
 18806 | Lair:3   | Killed Nergalle
 19600 | Lair:4   | Reached skill level 10 in Armour
 19650 | Lair:4   | Found a staircase to the Snake Pit.
 19944 | Lair:5   | Found a staircase to the Swamp.
 20135 | Lair:5   | Found a bloodstained altar of Trog.
 20330 | Lair:5   | Reached skill level 13 in Maces & Flails
 21078 | Lair:6   | Found a staircase to the Slime Pits.
 21946 | Lair:7   | Found a frozen archway.
 21979 | Lair:7   | Reached XP level 15. HP: 124/131 MP: 30/30
 21983 | IceCv    | Entered an ice cave
 22066 | IceCv    | Got a brightly glowing iron ring
 22075 | IceCv    | Identified the ring of Wux Miont {+cTele +Blink rC++ rN+ Dex-3 Stlth+} (You found it in an ice cave)
 22141 | Lair:7   | Reached skill level 10 in Shields
 22527 | Lair:8   | Entered Level 8 of the Lair of Beasts
 22534 | Lair:8   | Found a labyrinth entrance.
 22563 | Lair:8   | Found a dark tunnel.
 22575 | Volcano  | Entered a volcano
 22659 | Volcano  | Found a burning altar of Makhleb.
 22853 | Lab      | Entered a labyrinth
 23052 | Lab      | Identified Sif Muna's Almanac of the Compass (You found it in a labyrinth)
 24382 | Lair:8   | Got a bloodstained morningstar
 24389 | Lair:8   | Identified the +0 morningstar "Ivot" {pain, Contam rF+ rN+ Str+6} (You found it on level 8 of the Lair of Beasts)
 24417 | Lair:8   | Got an ivory scimitar
 24419 | Lair:8   | Identified the +5 scimitar of the Heavens {pain, +Fly MR++ Int+3} (You found it on level 8 of the Lair of Beasts)
 25184 | Swamp:1  | Entered Level 1 of the Swamp
 25248 | Swamp:1  | Reached skill level 14 in Maces & Flails
 25350 | Swamp:1  | Reached XP level 16. HP: 141/141 MP: 31/31
 26151 | Swamp:2  | Noticed a thorn hunter
 26839 | Elf:2    | Found Cuecvalo's Book Shoppe.
 26883 | Elf:2    | Found Mno Daa's Book Emporium.
 26894 | Elf:2    | Found Betigad's Antique Weapon Boutique.
 26957 | Elf:2    | Bought a transparent morningstar for 288 gold pieces
 27026 | Elf:2    | Found a runed gate.
 27027 | Elf:2    | Found a runed gate.
 27028 | Elf:2    | Found a runed gate.
 27247 | Elf:2    | Noticed a deep elf blademaster
 27298 | Elf:2    | Killed a deep elf blademaster
 27621 | Elf:2    | Reached skill level 10 in Invocations
 27920 | Elf:3    | Entered Level 3 of the Elven Halls
 28371 | Elf:3    | Reached skill level 10 in Spellcasting
 28439 | Elf:3    | Reached XP level 17. HP: 109/150 MP: 30/33
 28781 | Elf:3    | Noticed a deep elf master archer
 28791 | Elf:3    | Killed a deep elf master archer
 28815 | Elf:3    | Noticed a deep elf master archer
 28832 | Elf:3    | Killed a deep elf master archer
 29500 | D:12     | Killed an orc knight
 29581 | D:12     | Noticed Harold
 29589 | D:12     | Killed Harold
 29705 | D:12     | Noticed Fannar
 29731 | D:12     | Killed Fannar
 29827 | D:12     | Found a blossoming altar of Fedhas.
 29880 | D:12     | Reached skill level 15 in Maces & Flails
 29995 | D:12     | Found Cenusm's Antique Armour Emporium.
 30008 | D:12     | Bought an ancient plate armour for 980 gold pieces
 30008 | D:12     | Bought a scorched plate armour for 980 gold pieces
 30008 | D:12     | Identified the +8 plate armour "Tygaanag" {Str+4} (You bought it in a shop on level 12 of the Dungeon)
 30009 | D:12     | Identified the +0 plate armour of Spring {rElec} (You bought it in a shop on level 12 of the Dungeon)
 30240 | D:13     | Noticed Maurice
 30243 | D:13     | Noticed Erica
 30257 | D:12     | Killed Erica
 30326 | D:13     | Killed Maurice
 30801 | D:14     | Found a gate to the Vaults.
 30801 | D:14     | Noticed Rupert
 30809 | D:14     | Killed Rupert
 30809 | D:14     | Reached skill level 1 in Evocations
 31110 | D:14     | Found a portal to a secret trove of treasure.
 31286 | D:14     | Cast into the Abyss (a wizard)
 31286 | Abyss:1  | Found a corrupted altar of Lugonu.
 31414 | D:14     | Escaped the Abyss
 31892 | D:15     | Entered Level 15 of the Dungeon
 32108 | D:15     | Found a staircase to the Depths.
 32162 | D:15     | Reached XP level 18. HP: 154/159 MP: 34/34
 32357 | D:15     | Found Erojedoi's Weapon Emporium.
 33112 | Lair:2   | Learned a level 1 spell: Shock
 33114 | Lair:2   | Learned a level 1 spell: Apportation
 33117 | Lair:2   | Learned a level 2 spell: Swiftness
 33122 | Lair:2   | Learned a level 2 spell: Blink
 33180 | Snake:1  | Entered Level 1 of the Snake Pit
 33258 | Snake:1  | Found Twegh's Armour Emporium.
 33754 | Snake:2  | Reached skill level 1 in Air Magic
 34112 | Snake:2  | Got a steaming war axe
 34113 | Snake:2  | Identified the +11 war axe of the Wasteland {venom, rElec rN+ MR+ Dex-4 Stlth+} (You found it on level 2 of the Snake Pit)
 34689 | Snake:3  | Found a shattered altar of Ashenzari.
 34710 | Snake:3  | Reached skill level 1 in Charms
 35268 | Snake:4  | Reached skill level 1 in Conjurations
 35288 | Snake:4  | Reached skill level 1 in Translocations
 35365 | Snake:4  | Noticed Wiglaf
 35379 | Snake:4  | Killed Wiglaf
 35441 | Snake:4  | Noticed Aizul
 35463 | Snake:4  | Killed Aizul
 35704 | Snake:4  | Found a runed gate.
 35704 | Snake:4  | Found a runed gate.
 35704 | Snake:4  | Found a runed gate.
 36091 | Snake:5  | Entered Level 5 of the Snake Pit
 36248 | Snake:5  | Reached XP level 19. HP: 161/168 MP: 34/34
 36531 | Snake:5  | Reached skill level 15 in Fighting
 36686 | Snake:5  | Reached skill level 5 in Evocations
 36798 | Snake:5  | Learned a level 3 spell: Regeneration
 36837 | Snake:5  | Got a serpentine rune of Zot
 37277 | Lair:2   | Learned a level 3 spell: Flight
 37282 | Lair:2   | Learned a level 4 spell: Airstrike
 37772 | Elf:3    | Reached skill level 5 in Air Magic
 37859 | Elf:3    | Noticed a deep elf master archer
 37868 | Elf:3    | Killed a deep elf master archer
 37874 | Elf:3    | Killed a ghostly deep elf master archer
 37903 | Elf:3    | Cast into the Abyss (a deep elf sorcerer)
 38177 | Abyss:1  | Reached XP level 20. HP: 170/180 MP: 35/35
 38252 | Abyss:1  | Noticed a bone dragon
 38268 | Abyss:1  | Killed a bone dragon
 38341 | Abyss:2  | Reached skill level 16 in Maces & Flails
 38579 | Abyss:3  | Reached skill level 5 in Charms
 38623 | Elf:3    | Escaped the Abyss
 38631 | Elf:3    | Noticed a deep elf blademaster
 38644 | Elf:3    | Killed a deep elf blademaster
 39011 | Elf:3    | Cast into the Abyss (a deep elf demonologist)
 39073 | Elf:3    | Escaped the Abyss
 39322 | Elf:3    | Cast into the Abyss (a deep elf demonologist)
 39352 | Abyss:1  | Noticed a bone dragon
 39389 | Abyss:1  | Killed a bone dragon
 39914 | Abyss:3  | Reached XP level 21. HP: 189/189 MP: 36/36
 40399 | Abyss:3  | Found a shattered altar of Ashenzari.
 40545 | Abyss:3  | Got an abyssal rune of Zot
 40593 | Abyss:3  | Reached skill level 17 in Fighting
 40747 | Abyss:3  | Paralysed by accursed screaming for 1 turns
 40768 | Abyss:3  | Lost dexterity.
 40777 | Abyss:3  | Paralysed by accursed screaming for 1 turns
 40782 | Abyss:3  | HP: 8/190 [starcursed mass/accursed screaming (9)]
 40783 | Abyss:3  | Paralysed by accursed screaming for 1 turns
 40785 | Abyss:3  | HP: 2/190 [spatial maelstrom (4)]
 40785 | Abyss:3  | Slain by a spatial maelstrom

Action                   |  1- 3 |  4- 6 |  7- 9 | 10-12 | 13-15 | 16-18 | 19-21 || total
-------------------------+-------+-------+-------+-------+-------+-------+-------++-------
Melee: Flail             |   112 |   289 |   533 |  1160 |  1637 |   712 |    27 ||  4470
       Morningstar       |       |    13 |       |       |       |       |       ||    13
       Eveningstar       |       |       |       |       |       |   844 |  1226 ||  2070
 Fire: Blowgun           |       |       |    65 |    52 |       |       |       ||   117
       Hunting sling     |       |       |     9 |    16 |       |       |       ||    25
 Cast: Blink             |       |       |       |       |       |     1 |     2 ||     3
       Regeneration      |       |       |       |       |       |       |     5 ||     5
       Apportation       |       |       |       |       |       |       |     1 ||     1
       Flight            |       |       |       |       |       |       |     1 ||     1
Invok: Upheaval          |       |       |       |     5 |     2 |    17 |     5 ||    29
       Elemental Force   |       |       |       |       |       |     1 |     1 ||     2
       Disaster Area     |       |       |       |       |       |       |     4 ||     4
Evoke: Wand              |       |       |       |     2 |     3 |     1 |     2 ||     8
       Sack of spiders   |       |       |       |       |       |       |     1 ||     1
  Use: Potion            |       |     8 |     2 |     4 |       |     8 |    20 ||    42
       Scroll            |       |     5 |     6 |    12 |     9 |    23 |    13 ||    68
 Stab: Confused          |       |       |       |       |       |     1 |       ||     1
       Invisible         |       |       |       |       |       |       |     1 ||     1
  Eat: Chunk             |    12 |    22 |    31 |    64 |    73 |    98 |    74 ||   374
       Pizza             |       |       |       |       |     1 |       |       ||     1
